Map: Dusk Towers

Players

Nathanias - Winner!

  • Race: Terran Terran
  • League: Grandmaster

Dance

  • Race: Protoss Protoss
  • League: Master

VOD

Have the link to the VOD?

Description

Time

  • Played on: Jan. 12, 2016, 5:23 p.m.
  • Length: 13:17
Show
View Real Time Build Order
Export as new Build Order

Nathanias Terran - Winner!

Build Orders: Reaper Expand, MMM Bio 

Get SALT Encoding   

  12  0:01  SCV  
  13  0:13  SCV  
  14  0:17  Supply Depot  
  14  0:25  SCV  
  15  0:39  SCV  
  15  0:41  Barracks  
  16  0:46  Refinery  
  16  0:51  SCV  
  17  1:03  SCV  
  18  1:15  SCV  
  19  1:28  Orbital Command  
  19  1:29  Reaper  
  20  1:47  Command Center  
  20  1:56  SCV  
  20  1:57  Supply Depot  
  21  2:01  Marine  
  21  2:08  SCV  
  23  2:20  SCV  
  23  2:22  Factory  
  24  2:24  Refinery  
  24  2:25  Barracks Reactor  
  24  2:35  SCV  
  25  2:47  SCV  
  26  2:59  SCV  
  26  3:00  Orbital Command  
  26  3:05  Marine x2  
  28  3:06  Factory Tech Lab, Starport  
  28  3:11  SCV  
  30  3:15  Supply Depot  
  30  3:23  SCV, Marine x2  
  30  3:25  Widow Mine  
  35  3:28  SCV  
  36  3:35  SCV  
  36  3:40  SCV  
  38  3:43  Marine x2, Engineering Bay, Medivac  
  38  3:47  SCV  
  43  3:49  Supply Depot  
  43  3:52  SCV  
  43  3:58  Cyclone  
  43  4:00  SCV  
  47  4:04  Liberator  
  47  4:09  Missile Turret  
  47  4:11  SCV  
  47  4:12  Missile Turret  
  47  4:13  SCV  
  49  4:20  Marine x2  
  49  4:23  SCV  
  55  4:26  Supply Depot, SCV  
  56  4:35  SCV  
  56  4:38  SCV, Marine x2  
  60  4:47  SCV, Siege Tank  
  60  4:48  Supply Depot  
  60  4:50  SCV  
  65  4:56  Marine x2  
  66  5:06  SCV x2  
  68  5:10  Command Center  
  68  5:13  Marine  
  68  5:14  Marine  
  64  5:18  SCV x2  
  65  5:23  Barracks x2  
  65  5:24  Refinery  
  65  5:30  SCV x2  
  65  5:32  Marine  
  65  5:33  Marine  
  65  5:35  Siege Tank  
  72  5:40  Missile Turret  
  72  5:42  SCV x2  
  74  5:43  Missile Turret  
  74  5:47  Starport Reactor  
  74  5:50  Marine x2  
  74  5:54  SCV x2  
  74  5:56  Refinery  
  78  6:00  Missile Turret  
  78  6:15  Supply Depot, Siege Tank, SCV x2, Marine x2  
  78  6:16  Barracks Tech Lab x2  
  85  6:27  SCV x2  
  85  6:28  Orbital Command  
  85  6:30  Armory  
  85  6:31  Engineering Bay  
  87  6:36  Combat Shields, Marine x2  
  87  6:37  Stimpack  
  87  6:39  SCV  
  90  6:40  SCV  
  90  6:46  Missile Turret  
  91  6:47  Supply Depot, Siege Tank, Marauder x2  
  91  6:48  Supply Depot  
  91  6:51  SCV  
  91  6:53  SCV  
  98  6:59  Terran Infantry Armor Level 1  
  98  7:03  Terran Infantry Weapons Level 1, Marine x2, Orbital Command  
  98  7:08  Barracks  
  100  7:09  Medivac  
  100  7:11  Barracks  
  100  7:14  Missile Turret  
  100  7:15  Missile Turret  
  102  7:29  Marauder x2, Marine x2  
  108  7:34  Siege Tank  
  108  7:36  Medivac  
  113  7:39  SCV x3  
  116  7:45  Supply Depot  
  116  7:49  Marine x2  
  118  7:54  SCV  
  118  7:57  Supply Depot x2  
  118  7:58  Supply Depot x2  
  119  7:59  Barracks Reactor, Barracks Tech Lab  
  119  8:01  Marauder x2  
  119  8:03  SCV x2  
  119  8:05  Refinery  
  125  8:06  SCV  
  125  8:07  Missile Turret  
  125  8:10  Medivac x2  
  130  8:25  Supply Depot x2  
  130  8:26  Supply Depot  
  130  8:28  Supply Depot  
  130  8:34  Marauder  
  130  8:35  Marine x2, Marauder x2  
  130  8:36  Marine x2  
  130  8:37  Supply Depot  
  130  8:38  Supply Depot, Siege Tank  
  143  8:43  Refinery, Medivac  
  145  8:49  SCV  
  145  8:50  SCV x2  
  145  8:53  Marine x2  
  145  8:54  Concussive Shells  
  150  8:56  Barracks  
  150  8:58  Barracks x2  
  150  8:59  Terran Infantry Weapons Level 2  
  150  9:00  Supply Depot  
  150  9:03  Marauder  
  150  9:04  Marauder, Marine  
  150  9:06  Marine  
  156  9:10  Siege Tank  
  156  9:15  Marauder, Terran Infantry Armor Level 2, Marine x2  
  163  9:23  Marine  
  164  9:29  Marine, Marauder x2  
  169  9:35  Command Center  
  169  9:37  Starport  
  169  9:41  Fusion Core  
  169  9:42  Missile Turret  
  169  9:45  Medivac  
  171  9:46  Medivac  
  171  9:52  Barracks Tech Lab x2, Missile Turret  
  173  9:53  Barracks Tech Lab  
  173  9:54  Missile Turret  
  173  10:00  Missile Turret  
  173  10:08  Missile Turret  
  173  10:17  Starport Tech Lab  
  173  10:20  Terran Vehicle Weapons Level 1  
  173  10:49  Liberator x3  
  147  11:05  SCV  
  147  11:10  Advanced Ballistics  
  157  11:14  Starport  
  157  11:16  Starport  
  160  11:18  Marine, Marauder x3  
  160  11:19  Marine x3, Marauder x3  
  170  11:32  Liberator x2  
  168  11:39  Marine  
  171  11:40  Marauder x3  
  161  11:59  Marine x2  
Show
View Real Time Build Order
Export as new Build Order

Dance Protoss 

Build Orders: 1 Gate Expand, Blink Stalkers 

Get SALT Encoding   

  12  0:01  Probe (Chrono Boost)  
  13  0:11  Probe (Chrono Boost)  
  14  0:22  Probe (Chrono Boost)  
  14  0:23  Pylon  
  15  0:41  Probe (Chrono Boost)  
  16  0:43  Gateway  
  16  0:44  Assimilator  
  16  0:52  Probe (Chrono Boost)  
  17  1:02  Probe (Chrono Boost)  
  18  1:13  Probe (Chrono Boost)  
  19  1:20  Nexus  
  19  1:24  Probe (Chrono Boost)  
  20  1:36  Cybernetics Core  
  20  1:38  Assimilator  
  20  1:40  Probe (Chrono Boost)  
  21  1:47  Pylon  
  21  1:52  Probe (Chrono Boost)  
  22  2:02  Probe (Chrono Boost)  
  23  2:18  Probe (Chrono Boost), Twilight Council  
  23  2:19  Warp Gate  
  23  2:20  Adept (Chrono Boost)  
  26  2:28  Probe (Chrono Boost), Pylon  
  27  2:40  Probe  
  27  2:42  Probe  
  27  2:44  Blink (Chrono Boost)  
  26  2:58  Probe (Chrono Boost)  
  27  3:00  Probe (Chrono Boost)  
  27  3:04  Adept  
  30  3:09  Probe (Chrono Boost)  
  32  3:13  Probe (Chrono Boost)  
  32  3:18  Pylon  
  32  3:20  Probe (Chrono Boost)  
  32  3:25  Probe (Chrono Boost), Pylon  
  32  3:46  Probe (Chrono Boost)  
  33  3:57  Probe (Chrono Boost)  
  33  3:59  Probe (Chrono Boost)  
  33  4:01  Gateway  
  33  4:02  Gateway  
  35  4:04  Gateway x2  
  35  4:08  Probe (Chrono Boost)  
  37  4:11  Probe (Chrono Boost)  
  37  4:17  Gateway  
  37  4:23  Probe (Chrono Boost)  
  39  4:26  Mothership Core (Chrono Boost)  
  40  4:34  Pylon  
  41  4:39  Probe (Chrono Boost)  
  41  4:45  Probe (Chrono Boost)  
  42  4:52  Probe (Chrono Boost), Pylon  
  43  4:54  Assimilator  
  40  5:02  Stalker x5  
  40  5:05  Probe (Chrono Boost)  
  40  5:06  Resonating Glaives  
  52  5:07  Probe (Chrono Boost)  
  51  5:18  Probe (Chrono Boost)  
  52  5:24  Probe (Chrono Boost)  
  52  5:25  Assimilator  
  53  5:29  Probe (Chrono Boost)  
  51  5:36  Probe (Chrono Boost)  
  51  5:38  Pylon  
  51  5:39  Robotics Facility  
  51  5:40  Probe (Chrono Boost)  
  52  5:44  Stalker  
  52  5:48  Probe (Chrono Boost)  
  55  5:50  Probe (Chrono Boost)  
  56  5:59  Stalker x2  
  56  6:00  Probe (Chrono Boost)  
  56  6:02  Probe (Chrono Boost)  
  59  6:13  Stalker  
  59  6:14  Probe (Chrono Boost)  
  62  6:24  Zealot  
  64  6:27  Observer (Chrono Boost)  
  64  6:30  Pylon  
  65  6:37  Probe  
  65  6:39  Stalker x3  
  71  7:03  Nexus  
  71  7:05  Forge  
  71  7:07  Probe (Chrono Boost)  
  71  7:08  Probe (Chrono Boost)  
  73  7:17  Warp Prism (Chrono Boost)  
  73  7:18  Probe (Chrono Boost)  
  76  7:26  Probe (Chrono Boost)  
  76  7:29  Pylon  
  77  7:30  Probe (Chrono Boost)  
  77  7:32  Pylon  
  78  7:41  Probe (Chrono Boost)  
  78  7:42  Probe (Chrono Boost)  
  80  7:50  Pylon  
  80  7:53  Stalker, Protoss Ground Weapons Level 1 (Chrono Boost)  
  80  7:54  Stalker  
  84  8:11  Probe  
  85  8:13  Templar Archives, Probe  
  85  8:15  Probe  
  87  8:21  Probe  
  87  8:22  Pylon  
  87  8:25  Probe x2  
  89  8:31  Gateway  
  89  8:33  Probe  
  91  8:36  Observer (Chrono Boost)  
  91  8:37  Probe  
  91  8:39  Probe  
  94  8:45  Probe  
  94  8:47  Assimilator  
  95  8:49  Probe  
  95  8:53  Assimilator  
  95  8:54  High Templar  
  95  8:55  High Templar x2  
  100  8:57  High Templar  
  100  8:58  High Templar  
  100  8:59  Gateway, High Templar  
  100  9:00  Gateway  
  100  9:01  Archon x2  
  108  9:03  Psionic Storm  
  108  9:05  Pylon  
  108  9:08  Archon  
  108  9:13  Probe x3  
  111  9:27  High Templar x2  
  111  9:28  High Templar  
  111  9:29  Nexus, High Templar  
  111  9:30  High Templar  
  121  9:32  High Templar  
  121  9:33  Archon  
  121  9:34  Archon  
  121  9:36  Archon  
  123  9:39  Probe x2  
  123  9:41  Immortal (Chrono Boost), Protoss Ground Weapons Level 2 (Chrono Boost)  
  123  9:45  Probe  
  129  9:49  Gateway  
  129  9:51  Pylon  
  130  9:54  Probe x2, Gateway  
  130  9:55  Probe  
  133  10:06  Probe  
  134  10:08  Probe, High Templar  
  134  10:09  Robotics Facility  
  134  10:10  Adept, Charge (Chrono Boost)  
  134  10:11  Adept x2  
  143  10:14  Adept  
  145  10:22  Probe  
  145  10:24  Probe  
  145  10:25  Probe  
  148  10:34  Probe  
  149  10:36  Probe  
  149  10:37  Adept x4  
  149  10:38  Adept x2  
  124  11:02  High Templar x3  
  124  11:03  Zealot x2  
  124  11:04  Zealot x4  
  112  11:06  Probe  
  112  11:07  Probe  
  112  11:08  Assimilator  
  112  11:10  Probe  
  119  11:13  Assimilator  
  118  11:37  Adept  
  118  11:38  Adept x2  
  118  11:39  Adept x2  
  116  11:40  Adept  
  103  11:49  High Templar  
  103  11:50  Adept x2  
  103  11:52  Adept x2  
  95  11:55  Archon  
  83  12:04  Adept x3  
  83  12:05  Probe  
Tags
 
Add a new tag
Caveats
  • Supply blocks, unpowered buildings, or Contaminate may cause inaccurate times.
  • Supply counts are checked every 10 seconds.